 Dungeon Crawl Stone Soup version 0.22-b1-21-g5cfc1688f2 (webtiles) character file.

159017 3rdEnemy the Bringer of Light (level 16, -6/144 HPs)
             Began as a Centaur Fighter on Aug 7, 2018.
             Was the Champion of the Shining One.
             Mangled by a shock serpent (13 damage)
             ... on level 1 of the Snake Pit on Aug 8, 2018.
             The game lasted 01:59:30 (28232 turns).

3rdEnemy the Bringer of Light (Centaur Fighter)    Turns: 28232, Time: 01:59:30

Health: -6/144     AC: 25    Str: 33    XL:     16   Next: 88%
Magic:  10/26      EV: 14    Int: 15    God:    the Shining One [******]
Gold:   1756       SH:  0    Dex: 17    Spells: 15/15 levels left

rFire    + . .     SeeInvis +   b - +2 halberd (protect)
rCold    + . .     Gourm    .   (shield currently unavailable)
rNeg     + + +     Faith    .   c - +7 chain mail of the Land of Plenty {Str+5}
rPois    .         Spirit   .   A - +2 hat {MR+}
rElec    .         Reflect  .   U - scarf {rC+ rF+}
rCorr    .         Harm     .   m - +2 pair of gloves of the Chupacabra {Regen+ Int+8 Dex+2 SInv}
MR       ++...                  (no barding)
Stlth    ..........             Y - amulet of regeneration
HPRegen  1.14/turn              y - +4 ring of dexterity
MPRegen  0.20/turn              X - +4 ring of strength

@: glowing, studying Shields, very quick
A: large, hooves 3, repulsion field 1, yellow scales 1, deformed body, speed 2,
tough skin 3
}: 1/15 runes: decaying
a: Divine Shield, Cleansing Flame, Summon Divine Warrior, Brand Weapon With Holy
Wrath, Renounce Religion


You were on level 1 of the Snake Pit.
You worshipped the Shining One.
The Shining One was exalted by your worship.
You were very hungry.

You visited 7 branches of the dungeon, and saw 31 of its levels.
You visited the Abyss 2 times.

You collected 2700 gold pieces.
You spent 944 gold pieces at shops.

Inventory:

Hand Weapons
 a - a +1 battleaxe of flaming
 b - a +2 halberd of protection (weapon)
 S - a +0 shortbow of freezing
 W - a +0 arbalest
Missiles
 o - 478 arrows
 u - 238 bolts
Armour
 c - the +7 chain mail of the Land of Plenty (worn) {Str+5}
   (You found it on level 1 of the Swamp)

   It affects your strength (+5).
 m - the +2 pair of gloves of the Chupacabra (worn) {Regen+ Int+8 Dex+2 SInv}
   (You bought it in a shop on level 2 of the Orcish Mines)

   It affects your intelligence (+8).
   It affects your dexterity (+2).
   It lets you see invisible.
   It increases your rate of regeneration.
 x - a +3 chain mail of poison resistance
 A - a +2 hat of magic resistance (worn)
 N - a +0 large shield
 U - a scarf of resistance (worn)
Jewellery
 y - a +4 ring of dexterity (left hand)
 J - an uncursed ring of flight
 X - a +4 ring of strength (right hand)
 Y - an amulet of regeneration (around neck)
Wands
 B - a wand of iceblast (22)
 D - a wand of acid (20)
 F - a wand of enslavement (11)
 H - a wand of paralysis (26)
 P - a wand of scattershot (9)
 Q - a wand of polymorph (18)
 V - a wand of flame (59)
Scrolls
 h - 5 scrolls of enchant armour
 j - 5 scrolls of remove curse
 k - a scroll of blinking
 l - 2 scrolls of teleportation
 n - 5 scrolls of fog
 q - 4 scrolls of fear
 r - 16 scrolls of identify
 E - 2 scrolls of immolation
 G - a scroll of enchant weapon
 I - a scroll of magic mapping
 O - a scroll of brand weapon
 R - 4 scrolls of vulnerability
Potions
 d - 6 potions of might
 e - 3 potions of lignification
 g - 4 potions of heal wounds
 i - a potion of mutation
 s - 2 potions of haste
 t - 16 potions of curing
 v - a potion of brilliance
 w - 3 potions of ambrosia
 z - a potion of berserk rage
 C - 4 potions of agility
 K - 2 potions of magic
 T - 2 potions of flight
Books
 L - a manual of Shields
Miscellaneous
 p - a phial of floods
 M - a lamp of fire
Comestibles
 f - 46 rations


   Skills:
 + Level 13.4 Fighting
 + Level 12.3 Polearms
 + Level 10.7 Armour
 + Level 8.2 Dodging
 + Level 12.2 Shields
 + Level 13.8 Invocations


You had 15 spell levels left.
You didn't know any spells.
Your spell library contained the following spells:

 Spells                   Type           Power        Failure   Level  Hunger
 Fireball                 Conj/Fire      #.........   100%        5    ######.
 Apportation              Tloc           #.....       67%         1    ##.....
 Conjure Flame            Conj/Fire      #.......     95%         3    ####...
 Bolt of Magma            Conj/Fire/Erth #.........   100%        5    ######.
 Invisibility             Hex            #.......     100%        6    #######
 Throw Flame              Conj/Fire      #.....       80%         2    ###....
 Freezing Cloud           Conj/Ice/Air   #.........   100%        6    #######
 Mephitic Cloud           Conj/Pois/Air  #.......     95%         3    ####...
 Ring of Flames           Chrm/Fire      #.........   100%        7    #######
 Summon Small Mammal      Summ           #...         67%         1    ##.....
 Animate Skeleton         Necr           N/A          67%         1    ##.....
 Sticky Flame             Conj/Fire      #.......     100%        4    #####..
 Summon Ice Beast         Ice/Summ       #.......     100%        4    #####..
 Call Imp                 Summ           #.......     80%         2    ###....
 Sublimation of Blood     Necr           #.........   80%         2    ###....
 Tukima's Dance           Hex            #.......     95%         3    ####...
 Summon Demon             Summ           #.........   100%        5    ######.
 Iron Shot                Conj/Erth      #.........   100%        6    #######
 Recall                   Summ/Tloc      N/A          95%         3    ####...
 Statue Form              Tmut/Erth      #........    100%        6    #######
 Dragon Form              Tmut           #.........   100%        7    #######
 Shadow Creatures         Summ           N/A          100%        6    #######
 Confusing Touch          Hex            #.....       67%         1    ##.....
 Flame Tongue             Conj/Fire      #....        67%         1    ##.....
 Ignite Poison            Fire/Tmut/Pois #.......     95%         3    ####...
 Call Canine Familiar     Summ           #.......     95%         3    ####...
 Summon Butterflies       Summ           #.......     67%         1    ##.....
 Shatter                  Erth           #.........   100%        9    #######
 Alistair's Intoxication  Tmut/Pois      #.......     100%        5    ######.
 Petrify                  Tmut/Erth      #.......     100%        4    #####..
 Leda's Liquefaction      Hex/Erth       #.........   100%        4    #####..
 Inner Flame              Hex/Fire       #.......     95%         3    ####...
 Aura of Abjuration       Summ           #.........   100%        5    ######.
 Summon Forest            Summ/Tloc      #.........   100%        5    ######.
 Summon Lightning Spire   Summ/Air       #.......     100%        4    #####..
 Summon Guardian Golem    Hex/Summ       #.......     95%         3    ####...
 Summon Mana Viper        Hex/Summ       #.......     100%        5    ######.
 Hydra Form               Tmut           #.........   100%        6    #######
 Irradiate                Conj/Tmut      #.........   100%        5    ######.
 Lesser Beckoning         Tloc           #.........   95%         3    ####...
 Poisonous Vapours        Pois/Air       #.....       80%         2    ###....


Dungeon Overview and Level Annotations

Branches:
Dungeon (15/15)            Temple (1/1) D:4            Lair (6/6) D:9
  Swamp (4/4) Lair:2        Snake (2/4) Lair:2        Slime (0/5) Lair:5
    Orc (2/2) D:12            Elf (1/3) Orc:2        Vaults (0/5) D:14
 Depths (0/5) D:15

Altars:
Ashenzari
Cheibriados
Dithmenos
Elyvilon
Fedhas
Gozag
Hepliaklqana
Kikubaaqudgha
Makhleb
Nemelex Xobeh
Okawaru
Qazlal
Ru
Sif Muna
Trog
Uskayaw
Vehumet
Wu Jian
Xom
Yredelemnul
Zin
The Shining One
Beogh
Jiyva
Lugonu

Shops:
D:13 ?   Orc:2 [[*:

Annotations:
D:9 Transporter
Swamp:4 Lernaean hydra
Snake:1 Agnes


Innate Abilities, Weirdness & Mutations

You have hooves in place of feet.
Armour fits poorly on your strangely shaped body.
You cover ground very quickly.
You have extremely tough skin. (AC +3)
You are surrounded by a mild repulsion field. (EV +2)
You are partially covered in yellow scales. (AC +2)


Message History

You feel somewhat more hungry. Agnes barely misses you.
You are momentarily dazzled by a brilliant light.
You are feeling very hungry.
Agnes closely misses you.
Your angel misses Agnes.
Your angel completely misses Agnes.
The shock serpent bites you.
* * * LOW HITPOINT WARNING * * *
The shock serpent shocks you!
* * * LOW HITPOINT WARNING * * *
Agnes barely misses you.
Your angel hits Agnes with a whip of holy wrath!
Your angel hits Agnes with a whip of holy wrath.
The shock serpent shoots out a bolt of lightning at you!
The bolt of electricity hits you! The Shining One protects you from harm!
You swap places.
Your angel barely misses Agnes.
Your angel hits Agnes with a whip of holy wrath!
The shock serpent bites you.
* * * LOW HITPOINT WARNING * * *
The shock serpent shocks you!
You die...

.# ##...).##................# .##
##...#.#......#.###.....#
..###.#####.....##.##...(...#
.....## #...##..##........#####
....## ##.....#.........###..#
....# #..####...........##...
....## ##..##Ai...........##...
.....# ##..###.SA......##.###...
.###.####.>###..@.....#####.###..
###...##...##.......#####...# #..
..#####.......#.....####....###..
### ##.....##...##.##......##.. #
#.##...#...###.#)......###. #
#.####....## ##........# #. ##
### ###[## ##.#.....###. .## #.#
#####.####...... #.#
#.###...##......##..


You could see Agnes, a shock serpent, a friendly daeva and a friendly angel.

Vanquished Creatures
  Frances (D:14)
  3 thorn hunters (Swamp:4)
  Gastronok (Lair:3)
  A tentacled starspawn (Abyss:3)
  A lorocyproca (Abyss:3)
  A dire elephant (D:15)
  2 naga warriors (Snake:1)
  12 hydras
  A rakshasa (D:15)
  Harold (D:7)
  2 anacondas (Snake:1)
  2 centaur warriors (D:15)
  3 two-headed ogres
  12 alligators
  A tengu warrior (D:15)
  5 death yaks (Lair:4)
  3 spriggans (Swamp:3)
  An orc high priest (Orc:2)
  3 naga sharpshooters (Snake:1)
  A soul eater (D:15)
  3 spriggan druids
  A shambling mangrove (Swamp:3)
  6 unseen horrors
  An obsidian statue (D:15)
  16 swamp dragons
  2 naga ritualists (Snake:1)
  A phantasmal warrior (Abyss:3)
  2 orc knights
  2 mana vipers (Snake:1)
  A wizard (D:14)
  9 ugly things
  Pikel (D:6)
  2 wolf spider zombies (D:15)
  A lindwurm (Lair:6)
  A wolf spider (D:15)
  4 orc sorcerers
  3 deep elf magi
  3 manticores
  3 elephants (Lair:5)
  A salamander (Abyss:3)
  2 naga magi
  2 guardian serpents
  13 black mambas
  4 smoke demons
  A centaur zombie (D:12)
  2 gargoyles
  A rime drake (Lair:5)
  19 spiny frogs
  8 komodo dragons
  An efreet (D:15)
  3 hellwings (Abyss:3)
  4 freezing wraiths
  9 polar bears
  A red devil (D:15)
  8 tyrant leeches
  Grinder (D:5)
  7 trolls
  10 hornets
  23 blink frogs
  11 slime creatures
  4 bog bodies
  A meliai zombie (D:15)
  A raiju (Lair:6)
  10 hippogriffs
  5 shadows
  48 yaks
  5 wraiths
  A wyvern (Lair:4)
  3 fire bats (Lair:2)
  2 basilisks
  A chaos spawn (Abyss:3)
  A neqoxec (Abyss:3)
  2 steam dragons
  2 hungry ghosts
  8 vampire mosquitoes
  Menkaure (D:6)
  14 swamp worms
  17 insubstantial wisps
  4 wargs
  An acid dragon (D:15)
  A soldier ant (D:15)
  9 nagas
  11 porcupines
  10 water moccasins
  Duvessa (D:6)
  11 hell hounds (Lair:6)
  20 orc warriors
  16 swamp drakes
  An eye of draining (D:10)
  An ice beast (D:10)
  7 sky beasts
  12 black bears
  7 small abominations (D:9)
  5 phantoms
  10 ogres
  11 wolves
  8 crocodiles
  11 centaurs
  2 big kobolds
  9 bullfrogs
  2 wyvern zombies
  Dowan (D:6)
  2 scorpions
  A wyvern skeleton (D:13)
  A troll zombie (D:12)
  4 killer bees (D:11)
  An electric eel (D:14)
  9 wights
  6 howler monkeys
  2 bullfrog zombies (D:5)
  3 starcursed masses (Abyss:3)
  9 crimson imps
  A lava snake (D:14)
  3 quasits
  5 hounds
  A bullfrog skeleton (D:5)
  16 orc priests
  2 centaur skeletons
  An iron imp (D:15)
  3 iguanas
  19 orc wizards
  A human skeleton (D:6)
  10 worker ants
  5 ogre zombies (D:12)
  A hound zombie (D:9)
  4 gnolls (D:7)
  A howler monkey skeleton (D:6)
  8 adders
  2 shadow imps
  An ooze (D:5)
  An adder skeleton (D:7)
  A worm (D:2)
  2 dart slugs
  2 leopard geckos
  63 orcs
  2 ball pythons
  11 bats
  5 giant cockroaches
  4 goblins
  7 hobgoblins
  6 quokkas
  9 frilled lizards
  2 hobgoblin zombies (D:12)
  17 kobolds
  A leopard gecko zombie (D:5)
  An orc skeleton (D:12)
  16 orc zombies (D:12)
  7 rats
  2 plants
  A starspawn tentacle (Abyss:3)
829 creatures vanquished.

Vanquished Creatures (collateral kills)
  The ghost of Yfiamir the Spry, a journeyman BaHu of Okawaru (D:14)
  5 hydras (Swamp:4)
  A death knight (Abyss:3)
  An alligator (Swamp:1)
  A dancing weapon (Orc:2)
  2 orc high priests (Orc:2)
  3 spriggans
  2 swamp dragons
  2 phantasmal warriors
  3 shambling mangroves
  4 orc knights
  2 orc sorcerers (Orc:2)
  A large abomination (Abyss:3)
  A manticore (D:15)
  2 freezing wraiths
  2 tyrant leeches
  4 polar bears (Lair:6)
  2 bog bodies
  5 hornets
  3 raiju (Lair:6)
  A wraith (D:14)
  2 swamp worms
  2 wargs
  4 insubstantial wisps (Swamp:3)
  2 hell hounds (Lair:6)
  4 orc warriors
  2 swamp drakes (Swamp:4)
  2 black bears (Lair:6)
  5 wolves (Lair:6)
  An ogre (Orc:1)
  A centaur (D:15)
  3 starcursed masses (Abyss:3)
  2 orc priests
  6 orc wizards
  2 orcs
86 creatures vanquished.

Vanquished Creatures (others)
  A black mamba (Snake:1)
  A hornet (Swamp:3)
  2 shadow imps (D:15)
  2 ufetubi (D:15)
  A fungus (D:9)
  A lurking horror (Abyss:3)
  9 plants
  A starspawn tentacle (Abyss:3)
18 creatures vanquished.

Grand Total: 933 creatures vanquished

Notes
Turn   | Place    | Note
-------+----------+-------------------------------------------
     0 | D:1      | 3rdEnemy the Centaur Fighter began the quest for the Orb.
     0 | D:1      | Reached XP level 1. HP: 19/19 MP: 1/1
   232 | D:1      | Reached XP level 2. HP: 26/26 MP: 2/2
   622 | D:2      | Reached XP level 3. HP: 26/31 MP: 3/3
  1339 | D:3      | Reached XP level 4. HP: 21/38 MP: 4/4
  1689 | D:4      | Reached XP level 5. HP: 41/46 MP: 5/5
  1872 | D:4      | Noticed a phantom
  1922 | D:4      | Killed a phantom
  1922 | D:4      | Reached XP level 6. HP: 41/52 MP: 6/6
  2003 | D:4      | Found a staircase to the Ecumenical Temple.
  2180 | Temple   | Entered the Ecumenical Temple
  2438 | Temple   | Became a worshipper of the Shining One
  2631 | D:5      | Entered Level 5 of the Dungeon
  2636 | D:5      | Reached skill level 1 in Invocations
  2878 | D:5      | Reached XP level 7. HP: 46/60 MP: 8/8
  2966 | D:5      | Noticed Grinder
  2982 | D:5      | Reached skill level 5 in Fighting
  3011 | D:5      | Killed Grinder
  3049 | D:5      | Reached * piety under the Shining One
  3094 | D:5      | Reached XP level 8. HP: 29/68 MP: 10/10
  3886 | D:6      | Noticed Menkaure
  3896 | D:6      | Killed Menkaure
  4076 | D:6      | Noticed Dowan
  4078 | D:6      | Noticed Duvessa
  4096 | D:6      | Killed Duvessa
  4098 | D:6      | Killed Dowan
  4230 | D:6      | Reached skill level 5 in Polearms
  4231 | D:6      | Found a runed door.
  4240 | D:6      | Found a basalt altar of Yredelemnul.
  4248 | D:6      | Reached ** piety under the Shining One
  4592 | D:6      | Noticed Pikel
  4607 | D:6      | Killed Pikel
  4607 | D:6      | Reached XP level 9. HP: 77/77 MP: 12/12
  5093 | D:7      | Noticed Harold
  5130 | D:7      | Killed Harold
  5130 | D:7      | Reached skill level 5 in Armour
  5130 | D:7      | Reached skill level 1 in Dodging
  5130 | D:7      | Reached skill level 5 in Shields
  5130 | D:7      | Reached skill level 5 in Invocations
  6149 | D:9      | Found a transporter.
  6152 | D:9      | Found a corrupted altar of Lugonu.
  6555 | D:9      | Reached XP level 10. HP: 73/86 MP: 14/14
  6692 | D:9      | Found a staircase to the Lair.
  7073 | D:10     | Entered Level 10 of the Dungeon
  7429 | D:10     | Noticed an unseen horror
  7442 | D:10     | Killed an unseen horror
  7690 | D:10     | Found a deep blue altar of Sif Muna.
  7705 | D:10     | Reached *** piety under the Shining One
  8194 | D:11     | Reached XP level 11. HP: 47/94 MP: 12/16
  8928 | D:12     | Noticed an unseen horror
  8941 | D:11     | Killed an unseen horror
  9759 | D:12     | Noticed an unseen horror
  9770 | D:12     | Killed an unseen horror
  9982 | D:12     | Found a shadowy altar of Dithmenos.
 10033 | D:12     | Noticed an unseen horror
 10043 | D:12     | Killed an unseen horror
 10148 | D:12     | Reached **** piety under the Shining One
 10154 | D:12     | Found a staircase to the Orcish Mines.
 10266 | D:12     | Reached ***** piety under the Shining One
 10841 | D:13     | Noticed a white ugly thing
 10883 | D:12     | Killed a white ugly thing
 11161 | D:13     | Noticed a deep elf mage
 11170 | D:13     | Killed a deep elf mage
 11189 | D:13     | Found Nonin's Magic Scroll Shoppe.
 11462 | D:13     | Reached XP level 12. HP: 104/104 MP: 18/18
 11552 | D:13     | Noticed a seven-headed hydra
 11797 | D:13     | Killed a 20-headed hydra
 12636 | D:14     | Noticed Frances
 12772 | Lair:1   | Entered Level 1 of the Lair of Beasts
 12925 | Lair:1   | Reached skill level 5 in Dodging
 13506 | Lair:1   | Gained mutation: You are partially covered in yellow scales. (AC +2) [potion of mutation]
 13506 | Lair:1   | Gained mutation: You are surrounded by a mild repulsion field. (EV +2) [potion of mutation]
 13802 | Lair:2   | Found a staircase to the Swamp.
 14049 | Lair:2   | Noticed a seven-headed hydra
 14057 | Lair:2   | Killed a four-headed hydra
 14081 | Lair:2   | Reached skill level 10 in Fighting
 14145 | Lair:2   | Found a staircase to the Snake Pit.
 14181 | Lair:2   | Found a dark tunnel.
 14523 | Lair:2   | Reached XP level 13. HP: 109/113 MP: 20/20
 14776 | Lair:3   | Noticed Gastronok
 14776 | Lair:3   | Reached ****** piety under the Shining One
 14786 | Lair:3   | Killed Gastronok
 14808 | Lair:3   | Reached skill level 10 in Invocations
 17479 | Lair:5   | Found a viscous altar of Jiyva.
 17479 | Lair:5   | Found a staircase to the Slime Pits.
 17505 | Lair:6   | Entered Level 6 of the Lair of Beasts
 17599 | Lair:6   | Reached XP level 14. HP: 85/122 MP: 19/22
 18282 | Lair:6   | Reached skill level 10 in Polearms
 18837 | Orc:1    | Entered Level 1 of the Orcish Mines
 18925 | Orc:1    | Found a roughly hewn altar of Beogh.
 19416 | Orc:2    | Entered Level 2 of the Orcish Mines
 19460 | Orc:2    | Found a staircase to the Elven Halls.
 20142 | Orc:2    | Found Sokagucs's Book Shoppe.
 20142 | Orc:2    | Found Ripa Moo's Armour Shop.
 20144 | Orc:2    | Found Fusafruri's General Store.
 20144 | Orc:2    | Found Idinau's Armour Shop.
 20155 | Orc:2    | Bought the +2 pair of gloves of the Chupacabra {Regen+ Int+8 Dex+2 SInv} for 560 gold pieces
 20160 | Orc:2    | Bought a scarf of resistance for 384 gold pieces
 20212 | Elf:1    | Entered Level 1 of the Elven Halls
 20213 | Elf:1    | Cast into level 3 of the Abyss (a deep elf demonologist)
 20221 | Abyss:3  | Found a corrupted altar of Lugonu.
 20241 | Elf:1    | Escaped the Abyss
 20492 | Swamp:1  | Entered Level 1 of the Swamp
 20886 | Swamp:1  | Got a smelly chain mail
 20888 | Swamp:1  | Identified the +7 chain mail of the Land of Plenty {Str+5} (You found it on level 1 of the Swamp)
 21887 | Swamp:2  | Reached XP level 15. HP: 112/132 MP: 23/23
 22457 | Swamp:3  | Reached skill level 10 in Shields
 23415 | Swamp:4  | Entered Level 4 of the Swamp
 23415 | Swamp:4  | Noticed a thorn hunter
 23418 | Swamp:4  | Noticed a thorn hunter
 23422 | Swamp:4  | Killed a thorn hunter
 23431 | Swamp:4  | Killed a thorn hunter
 23773 | Swamp:4  | Noticed a thorn hunter
 23793 | Swamp:4  | Killed a thorn hunter
 23958 | Swamp:4  | Noticed the 27-headed Lernaean hydra
 24059 | Swamp:4  | HP: 5/134 [alligator (10)]
 24718 | Swamp:4  | Reached skill level 10 in Armour
 24737 | Swamp:4  | Got a decaying rune of Zot
 25037 | D:14     | Killed Frances
 25093 | D:14     | Identified a scroll of acquirement
 25228 | D:14     | Found a runed gate.
 25228 | D:14     | Found a runed gate.
 25229 | D:14     | Found a runed gate.
 25231 | D:14     | Noticed Yfiamir's ghost (journeyman BaHu)
 25331 | D:14     | Reached XP level 16. HP: 141/141 MP: 25/25
 25392 | D:14     | Cast into level 3 of the Abyss (a wizard)
 25520 | Abyss:3  | Paralysed by accursed screaming for 1 turns
 25569 | Abyss:3  | Noticed a tentacled starspawn
 25576 | Abyss:3  | Killed a tentacled starspawn
 25630 | D:14     | Escaped the Abyss
 25765 | D:14     | Found a gate to the Vaults.
 26005 | D:14     | Killed Yfiamir's ghost
 26084 | D:15     | Entered Level 15 of the Dungeon
 26548 | D:15     | Found a staircase to the Depths.
 26980 | D:9      | Found a transporter.
 27106 | Snake:1  | Entered Level 1 of the Snake Pit
 27158 | Snake:1  | Found a glowing silver altar of Zin.
 28214 | Snake:2  | Noticed Agnes
 28231 | Snake:1  | The Shining One protects you from harm!
 28232 | Snake:1  | HP: 7/144 [shock serpent (5)]
 28232 | Snake:1  | Mangled by a shock serpent

Skill      XL: |  1  2  3  4  5  6  7  8  9 10 11 12 13 14 15 16 |
---------------+-------------------------------------------------+-----
Polearms       | 2 3 4 5 6 7 8 9 10 11 12 | 12.3
Fighting       | 4 5 6 7 8 9 10 11 12 13 | 13.4
Armour         | 3 4 5 6 7 8 9 10 | 10.7
Shields        | 3 4 5 6 7 8 9 11 12 | 12.2
Invocations    | 1 2 4 5 7 8 9 10 11 12 13 | 13.8
Dodging        | 2 3 4 5 6 7 8 |  8.2

Action                   |  1- 3 |  4- 6 |  7- 9 | 10-12 | 13-15 | 16-18 || total
-------------------------+-------+-------+-------+-------+-------+-------++-------
Melee: Trident           |   141 |   114 |   309 |   534 |       |       ||  1098
       Kick              |    17 |    21 |    65 |   248 |   433 |   206 ||   990
       Halberd           |       |       |       |   388 |  1272 |   529 ||  2189
       Battleaxe         |       |       |       |     4 |    78 |       ||    82
 Fire: Shortbow          |       |       |       |    55 |     9 |       ||    64
Invok: Divine Shield     |       |       |       |     4 |     2 |       ||     6
       Summon Divine War |       |       |       |       |    13 |     6 ||    19
Evoke: Lamp of fire      |       |       |     1 |       |       |       ||     1
  Use: Scroll            |       |       |     6 |    10 |     9 |     2 ||    27
       Potion            |       |       |       |    13 |     3 |     2 ||    18
  Eat: Chunk             |     1 |     4 |    15 |    20 |    30 |     5 ||    75
       Ration            |       |       |       |     1 |     1 |     1 ||     3
Armor: Scale mail        |    55 |       |       |       |       |       ||    55
       Chain mail        |       |    42 |    65 |   373 |   829 |   289 ||  1598
       Skin              |       |       |     4 |       |       |       ||     4
Dodge: Dodged            |    35 |    18 |    35 |   246 |   717 |   346 ||  1397
Block: Shield            |    53 |    38 |    86 |   275 |       |       ||   452
       Other             |       |       |       |       |    26 |       ||    26
